Unix NetHack Version 5.0.0-0 post-release - last build May 31 2026 23:59:36 (970b52f25bf058293b47ddfd14a1e40e571c508c,branch:main).

Game began 2026-05-17 16:35:49, ended 2026-06-01 00:30:14.

BaeHund, lawful female human Monk

 -----------------------
 |)..................|.q
 |.}%.%}.............|..
 |..%..}.............| .
 |.....%}............|..
 |-----.%..|....|....|..
 |....|....|....|....|..
   ...|....|....|....|..
    ..|..*.|....|....|..
    ..|)...|....|....|..
    ..------$..}|$.}.|..
    .....%......|....}$.
      ...@......|
      ..........|
       .........
        -------

BaeHund the Student of Winds    St:18/27 Dx:22 Co:18 In:20 Wi:21 Ch:15  Lawful
Dlvl:31 $:0  HP:146(176) Pw:139(139) AC:-34 Xp:23 T:25322 

Latest messages:
 You kill the dog!
 You hear a B flat squeak in the distance.
 The ice-cold blade hits the green slime.
 The ice-cold blade hits the green slime.
 The green slime misses!
 The ice-cold blade hits the green slime.
 You kill the green slime!
 The ice-cold blade freezes the owlbear!
 The owlbear hits!
 The owlbear misses!
 The ice-cold blade freezes the owlbear!
 You kill the owlbear!
 There is solid ice here.
 There is solid ice here.
 Pick a monster, object or location.
 The ice-cold blade hits the wraith.
 The ice-cold blade hits the wraith.
 You destroy the wraith!
 The minotaur misses!
 The minotaur misses!
 The minotaur misses!
 The minotaur hits!
 The minotaur hits again!
 The minotaur butts!
 The ice-cold blade freezes the minotaur!
 The minotaur misses!
 The minotaur hits!
 The minotaur misses!
 The ice-cold blade freezes the minotaur!
 The minotaur misses!
 The minotaur misses!
 The minotaur butts!
 The ice-cold blade freezes the minotaur!
 You kill the minotaur!
 What do you want to remove? [rwKM or ?*] ?
 You were wearing an uncursed ring of levitation (on left hand).
 You float gently to the floor.
 You see here a wraith corpse.
 There is a wraith corpse here; eat it? [ynq] (n) y
 You feel guilty.
 This wraith corpse tastes terrible!
 You feel more experienced.
 Welcome to experience level 23.
 Really quit without saving? [yn] (n) y
 Do you want your possessions identified? [ynq] (y) y
 Do you want to see your attributes? [ynq] (y) y
 Do you want an account of creatures vanquished? [ynaq] (y) y
 Do you want a list of species genocided? [ynq] (y) y
 Do you want to see your conduct and achievements? [ynq] (y) y
 Do you want to see the dungeon overview? [ynq] (y) y

Inventory:
 Amulets  ('"')
  M - an uncursed amulet of guarding (being worn)
 Weapons  (')')
  d - a +0 elven arrow
  q - the blessed rustproof +6 Frost Brand (weapon in right hand)
 Armor    ('[')
  k - a blessed +4 helm of brilliance (being worn)
  T - a blessed fireproof +4 pair of gauntlets of dexterity (being worn)
  B - a blessed fireproof +3 pair of speed boots (being worn)
  V - a blessed +3 shield of reflection (being worn)
  y - an uncursed +0 shield of shock resistance
  A - a cursed +0 small shield
  R - a blessed burnt +4 robe (being worn)
  l - a blessed rotproof +4 gray dragon scale mail (being worn)
 Rings    ('=')
  X - an uncursed ring of conflict
  K - an uncursed ring of free action (on right hand)
  C - a blessed +1 ring of gain constitution
  w - an uncursed ring of levitation
 Wands    ('/')
  O - a wand of cancellation (0:7)
  Y - a wand of cancellation (0:4)
  i - a wand of digging (0:8)
  J - a wand of lightning (0:5)
  z - a wand of magic missile (0:5)
  a - a wand of opening (0:4)
  v - a wand of slow monster (0:8)
  c - a wand of stasis (0:2)
  D - a wand of teleportation (0:3)
 Tools    ('(')
  b - a blessed bag of holding containing 107 items
  o - the Bell of Opening (0:2)
  r - the blessed Eyes of the Overworld (being worn)
  e - an uncursed skeleton key
  s - a +0 unicorn horn
 Gems/Stones  ('*')
  g - a blessed luckstone

Contents of the bag of holding:
  an uncursed amulet of reflection
  the +6 Werebane
  a blessed +4 pair of gauntlets of power
  an uncursed +2 pair of leather gloves
  an uncursed carrot
  2 uncursed cloves of garlic
  17 uncursed food rations
  an uncursed partly eaten food ration
  7 uncursed tripe rations
  an uncursed lizard corpse
  a blessed scroll of amnesia
  3 uncursed scrolls of amnesia
  3 uncursed scrolls of blank paper
  a blessed scroll of charging
  an uncursed scroll of charging
  a cursed scroll of confuse monster
  an uncursed scroll of create monster
  2 uncursed scrolls of destroy armor
  an uncursed scroll of earth
  a cursed scroll of earth
  a blessed scroll of enchant weapon
  3 uncursed scrolls of enchant weapon
  3 uncursed scrolls of fire
  a cursed scroll of fire
  4 uncursed scrolls of food detection
  a cursed scroll of food detection
  2 uncursed scrolls of gold detection
  a blessed scroll of light
  3 uncursed scrolls of light
  an uncursed scroll of punishment
  a blessed scroll of remove curse
  2 uncursed scrolls of remove curse
  a cursed scroll of remove curse
  an uncursed scroll of scare monster
  an uncursed scroll of stinking cloud
  3 blessed scrolls of teleportation
  4 uncursed scrolls of teleportation
  an uncursed spellbook of clairvoyance
  an uncursed spellbook of fireball
  an uncursed spellbook of force bolt
  a blessed spellbook of healing
  an uncursed spellbook of jumping
  an uncursed spellbook of magic missile
  an uncursed spellbook of remove curse
  an uncursed spellbook of sleep
  an uncursed potion of acid
  an uncursed potion of blindness
  a blessed potion of booze
  a cursed potion of booze
  an uncursed potion of confusion
  an uncursed potion of enlightenment
  a blessed potion of extra healing
  a blessed potion of fruit juice
  3 uncursed potions of fruit juice
  a cursed potion of gain ability
  2 uncursed potions of gain energy
  a cursed potion of gain energy
  an uncursed potion of hallucination
  a blessed potion of healing
  an uncursed potion of healing
  3 uncursed potions of invisibility
  an uncursed potion of levitation
  a blessed potion of oil
  an uncursed potion of oil
  a cursed potion of oil
  an uncursed potion of paralysis
  a blessed potion of restore ability
  2 uncursed potions of sickness
  a cursed potion of sleeping
  an uncursed potion of water
  an uncursed ring of fire resistance
  an uncursed +1 ring of increase damage
  an uncursed ring of polymorph control
  an uncursed ring of regeneration
  a wand of cold (0:6)
  a wand of cold (0:4)
  a wand of cold (0:2)
  a wand of create monster (0:5)
  a wand of death (0:7)
  a wand of death (0:4)
  a wand of death (0:2)
  a wand of digging (0:8)
  a wand of digging (0:7)
  a wand of digging (0:4)
  a wand of fire (0:5)
  a wand of fire (0:3)
  a wand of light (0:14)
  a wand of lightning (0:7)
  a wand of lightning (0:1)
  a wand of opening (0:7)
  a wand of opening (0:6)
  a wand of probing (0:7)
  a wand of secret door detection (0:15)
  a wand of sleep (0:4)
  a wand of sleep (0:3)
  a wand of stasis (0:5)
  a wand of teleportation (0:5)
  a wand of teleportation (0:0)
  a wand of undead turning (0:8)
  a wand of undead turning (0:7)
  a frost horn (0:4)
  a blessed can of grease (0:18)
  a can of grease (0:23)
  a blessed magic marker (0:4)
  a magic marker (0:53)
  a magic marker (0:4)
  an uncursed diamond

BaeHund the Monk's attributes:

Background:
 You were a Student of Winds, a level 23 female human Monk.
 You were lawful, on a mission for Shan Lai Ching
 who was opposed by Chih Sung-tzu (neutral) and Huan Ti (chaotic).
 You were right-handed.
 You were in Gehennom, on level 31.
 You entered the dungeon 25322 turns ago.
 It was the midnight hour.
 There was a full moon in effect when your adventure ended.
 You had 30000000 experience points, 10000000 more were needed for level 24.

Basics:
 You had 146 out of 176 hit points.
 You had all 139 energy points (spell power).
 Your armor class was -34.
 Your wallet was empty.
 Autopickup was off.

Final Characteristics:
 Your strength was 18/27 (peak:18/28, limit:18/100).
 Your dexterity was 22 (base:18, innate limit:18).
 Your constitution was 18 (limit:18).
 Your intelligence was 20 (base:16, innate limit:18).
 Your wisdom was 21 (base:17, peak:18, innate limit:18).
 Your charisma was 15 (limit:18).

Final Status:
 You weren't hungry.
 You were unencumbered.
 You were wielding a long sword.
 You had basic skill with long sword.
 You had a huge penalty to hit (-20) due to your dragon mail.

Final Attributes:
 You were piously aligned.
 You were magic-protected.
 You were fire resistant.
 You were cold resistant.
 Your items were protected from cold.
 You were sleep resistant.
 You were shock resistant.
 You were poison resistant.
 You saw invisible.
 You were warned.
 You had automatic searching.
 You were clairvoyant.
 You were stealthy.
 You had teleport control.
 You had a moderate defense bonus (+7).
 You were protected.
 Your spell casting was enhanced by wearing a robe.
 You were very fast.
 You had reflection.
 You had free action.
 You were extremely lucky.
 You had extra luck.
 Good luck did not time out for you.
 You survived.

Miscellaneous:
 You didn't encounter any bones levels.
 Total elapsed playing time was 10 hours, 25 minutes and 6 seconds.

Major events:
 Turn
    1: BaeHund the lawful female human Monk entered the dungeon
  869: attained the rank of Novice (level 3)
 1457: entered the Gnomish Mines
 1837: attained the rank of Initiate (level 6)
 2056: reached Mine Town
 6914: attained the rank of Student of Stones (level 10)
 7378: made her first wish - "blessed fixed +3 gray dragon scale mail", got "a gray dragon scale mail"
10797: entered Sokoban
11228: completed 1st Sokoban level
11485: completed 2nd Sokoban level
11783: completed 3rd Sokoban level
12374: completed 4th Sokoban level
12778: performed her first genocide (mind flayers)
12785: wished for "blessed fixed +3 boots of speed", got "a pair of buckled boots"
12911: entered the Bigroom
14249: attained the rank of Student of Waters (level 14)
17833: entered Home 1, the Quest
18035: the Grand Master has granted access to proceed deeper into the quest
18109: entered Home 2, the Quest
18323: entered Home 3, the Quest
18547: entered Home 4, the Quest
18734: entered Home 5, the Quest
18892: entered Home 6, the Quest
18911: killed Master Kaen
18946: found the Eyes of the Overworld on the floor
18947: acquired the Bell of Opening
19570: attained the rank of Student of Metals (level 18)
20461: was bestowed with Werebane by Shan Lai Ching
22134: killed Medusa
22408: was bestowed with Frost Brand by Shan Lai Ching
23441: wished for "blessed magic marker", got "a magic marker"
23455: wished for "blessed fixed +3 gauntlets of dexterity", got "a pair of old gloves"
23701: wished for "blessed fixed shield of reflection", got "a polished silver shield"
23891: entered Gehennom
24607: attained the rank of Student of Winds (level 22)
24927: killed Asmodeus
25322: quit

Spells:
 Name                 Level Category     Fail Retention
 healing                1   healing       24%   71%-80%
 detect food            2   divination    30%    (gone)
 confuse monster        1   enchantment   30%    1%-25%
 remove curse           3   clerical      24%   21%-30%
 detect monsters        1   divination    30%   26%-50%
 force bolt             1   attack        30%   41%-50%
 jumping                1   escape        30%   26%-50%
 protection             1   clerical      30%   41%-50%
 cure blindness         2   healing       24%   51%-60%
 magic missile          2   attack        30%   51%-60%
 light                  1   divination    30%   51%-75%
 fireball               4   attack        30%   71%-80%
 clairvoyance           3   divination    34%  76%-100%
 levitation             4   escape        70%  76%-100%
 turn undead            6   clerical      76%  91%-100%
 sleep                  3   enchantment   34%  76%-100%
 magic mapping          5   divination    80%  76%-100%

Skills:
 Fighting Skills
   martial arts       [Grand Master]
 Weapon Skills
   long sword         [Basic]
   saber              [Basic]
   quarterstaff       [Unskilled]
   spear              [Unskilled]
   crossbow           [Unskilled]
   shuriken           [Unskilled]
 Spellcasting Skills
   attack spells      [Basic]
   healing spells     [Basic]
   divination spells  [Unskilled]
   enchantment spells [Unskilled]
   clerical spells    [Basic]
   escape spells      [Unskilled]
   matter spells      [Unskilled]

Voluntary challenges:
 Character rerolling was not enabled.
 You genocided 1 type of monster.
 You never polymorphed an object.
 You never changed form.
 You used 5 wishes.
 You did not wish for any artifacts.
 You did not violate any of the special Sokoban rules.
Achievements:
 You entered a shop.
 You attained the rank of Novice.
 You entered the Gnomish Mines.
 You attained the rank of Initiate.
 You entered Minetown.
 You entered a temple.
 You attained the rank of Student of Stones.
 You entered Sokoban.
 You entered the Big Room.
 You attained the rank of Student of Waters.
 You had the Bell of Opening.
 You attained the rank of Student of Metals.
 You defeated Medusa.
 You entered Gehennom.
 You attained the rank of Student of Winds.

 The Dungeons of Doom: levels 1 to 26
    Level 1:
    Level 2:
       Stairs down to The Gnomish Mines.
    Level 3:
    Level 4:
       A general store.
    Level 5: "spellbook healing"
       A general store.
    Level 6:
       A ring shop.
    Level 7:
       A grave.
    Level 8:
       An altar to Shan Lai Ching.
    Level 9:
       A fountain.
       Oracle of Delphi.
    Level 10:
       An altar.
       Stairs up to Sokoban, level 9.
    Level 11:
    Level 12:
       Many trees.
       A very big room.
    Level 13:
       A potion shop, a sink.
    Level 14:
       An altar to Shan Lai Ching, many graves.
    Level 15:
       An altar to Shan Lai Ching.
    Level 16:
       A primitive area.
       Portal to The Quest.
    Level 17: "cure blindness book"
       A sink.
    Level 18:
    Level 19:
       A fountain.
    Level 20:
       A sink, a grave.
    Level 21:
       A fountain.
    Level 22:
    Level 23:
    Level 24:
       An altar to Shan Lai Ching, some fountains.
    Level 25:
    Level 26:
       A fountain.
       Connection to Gehennom.
 Gehennom: levels 27 to 31
    Level 27:
       A temple and an altar, many graves.
       Valley of the Dead.
    Level 28:
    Level 29:
    Level 30:
    Level 31: <- You were here.
 The Gnomish Mines: levels 3 to 11
    Level 3:
    Level 4:
    Level 5:
       Many shops, a temple and an altar, some fountains.
    Level 6:
    Level 7:
    Level 8:
    Level 9:
    Level 10:
    Level 11:
       Some fountains.
 The Quest: levels 1 to 6
    Level 1:
       A temple and an altar to Shan Lai Ching, many trees.
       Completed quest for the Grand Master.
    Level 2:
    Level 3:
    Level 4:
    Level 5:
    Level 6:
       An altar.
 Sokoban: levels 9 up to 6
    Level 6:
       Solved.
    Level 7:
       Solved.
    Level 8:
       Solved.
    Level 9:
       Solved.


Vanquished creatures:
    Asmodeus
    Master Kaen
    Medusa
  3 storm giants
  a purple worm
  a gold dragon
  a silver dragon
  2 red dragons
 an orange dragon
  2 black dragons
  8 minotaurs
  a jabberwock
  a baluchitherium
  2 stone golems
  a Nazgul
  a pit fiend
  2 titanotheres
  2 trappers
  a guardian naga
  a disenchanter
 15 vampire leaders
  6 liches
  3 water trolls
  a clay golem
  a nurse
  2 lurkers above
  a frost giant
  a black pudding
 15 vampires
  4 lieutenants
 39 ghosts
  2 giant mimics
  2 long worms
  2 zruties
  a fire giant
  5 ogre tyrants
  7 ice trolls
  6 rock trolls
 an umber hulk
  a flesh golem
  a doppelganger
  2 hezrous
  a large mimic
  a fire vortex
  a couatl
 10 stalkers
  3 air elementals
  4 fire elementals
 68 earth elementals
  a water elemental
  2 hill giants
  3 giant mummies
 37 xorns
 16 giant zombies
  6 elf-nobles
  3 sergeants
  a water demon
  a barbed devil
  a vrock
  5 wargs
  a winter wolf
 19 small mimics
  2 glass piercers
  4 xans
  4 ettin mummies
  7 ogre leaders
  4 quantum mechanics
  2 trolls
  2 wood golems
  2 mariliths
  4 sharks
  4 gelatinous cubes
  4 pyrolisks
  a large dog
  a freezing sphere
  5 flaming spheres
  5 shocking spheres
  a large cat
  2 tigers
  5 gargoyles
  a dwarf ruler
  3 ochre jellies
  a leocrotta
  2 energy vortices
  3 mountain centaurs
  a stone giant
  3 elf mummies
  2 human mummies
  2 red nagas
  a green slime
  a python
  2 pit vipers
  a cobra
 34 wraiths
 13 ettin zombies
  5 Grey-elves
 46 soldiers
  5 amorous demons
  5 horned devils
  4 chameleons
  4 crocodiles
  6 giant beetles
  4 quivering blobs
  5 cockatrices
  5 wolves
 10 winter wolf cubs
  2 lynxes
  a gremlin
 26 leprechauns
  3 orc-captains
  2 iron piercers
  9 giant spiders
  2 horses
  a baby long worm
  6 black lights
  4 vampire bats
  3 gnome rulers
  2 orc mummies
  3 dwarf mummies
  3 brown puddings
  6 rust monsters
  8 owlbears
  3 yetis
  2 gold golems
  3 werewolves
  6 Green-elves
  6 giant eels
  6 lizards
  a chickatrice
  2 dingoes
  3 dogs
  2 housecats
  3 jaguars
  a dwarf leader
  a blue jelly
  2 gray unicorns
  4 black unicorns
  7 dust vortices
  6 ravens
  2 plains centaurs
  9 gnome mummies
  5 snakes
  5 water moccasins
  9 apes
 10 human zombies
  3 rope golems
  7 Woodland-elves
  7 soldier ants
  2 fire ants
  7 bugbears
  4 imps
  4 quasits
  2 wood nymphs
  3 water nymphs
  3 mountain nymphs
  4 Uruk-hai
  3 orc shamans
  7 rock piercers
  4 rock moles
  5 ponies
  6 fog clouds
  7 yellow lights
  5 violet fungi
 14 gnome leaders
  5 gnomish wizards
  2 kobold mummies
  7 gray oozes
  2 barrow wights
 15 elf zombies
 10 ghouls
  a straw golem
  a jellyfish
  9 giant ants
  a little dog
  4 floating eyes
  a kitten
  6 dwarves
  4 homunculi
  3 kobold leaders
  a kobold shaman
 16 hill orcs
 17 rothes
  3 rabid rats
  a centipede
  4 giant bats
  5 monkeys
 16 orc zombies
 17 dwarf zombies
  3 wererats
  a werejackal
 12 iguanas
 31 killer bees
 an acid blob
  2 coyotes
  2 gas spores
  3 hobbits
  2 manes
  2 large kobolds
  7 hobgoblins
 10 giant rats
  9 cave spiders
  5 yellow molds
  2 green molds
  a red mold
 68 gnomes
 25 garter snakes
 12 gnome zombies
 14 geckos
  7 jackals
  a fox
  5 kobolds
  6 goblins
  a sewer rat
  5 grid bugs
  3 lichens
 17 kobold zombies
  5 newts
1253 creatures vanquished.

Genocided species:
 mind flayers
1 species genocided.

Goodbye BaeHund the Monk...

You quit in Gehennom on dungeon level 31 with 524882 points,
and 0 pieces of gold, after 25322 moves.
You were level 23 with a maximum of 176 hit points when you quit.

